 Dungeon Crawl Stone Soup version 0.23.2-1-ga50397a (webtiles) character file.

Game seed: 12271162665349332116

47 GuyDeFluk the Sneak (level 3, -3/16 HPs)
             Began as a Spriggan Enchanter on Apr 28, 2019.
             Slain by an adder (5 damage)
             ... on level 2 of the Dungeon.
             The game lasted 00:13:35 (2774 turns).

GuyDeFluk the Sneak (Spriggan Enchanter)            Turns: 2774, Time: 00:13:36

Health: -3/16      AC:  2    Str:  2 (5)  XL:     3   Next: 48%
Magic:  8/8        EV: 18    Int: 14 (16) God:
Gold:   84         SH:  0    Dex: 14 (16) Spells: 6/7 levels left

rFire    . . .     SeeInvis +   a - +1 dagger
rCold    . . .     Gourm    .   (shield restricted)
rNeg     . . .     Faith    .   b - +0 robe
rPois    .         Spirit   .   (helmet restricted)
rElec    .         Reflect  .   (no cloak)
rCorr    .         Harm     .   (gloves unavailable)
MR       .....                  (boots unavailable)
Stlth    +++.......             (no amulet)
HPRegen  0.05/turn              (no ring)
MPRegen  0.11/turn              (no ring)

@: lethally poisoned (-3 -> -13), very quick
A: very small, unfitting armour, see invisible, herbivore, speed 3, slow
metabolism 2, evolution 1
a: no special abilities


You were on level 2 of the Dungeon.
You were not hungry.

You visited 1 branch of the dungeon, and saw 2 of its levels.

You collected 84 gold pieces.

Inventory:

Hand Weapons
 a - a +1 dagger (weapon)
Armour
 b - a +0 robe (worn)
 f - a +1 cloak
Jewellery
 c - an uncursed amulet of faith {unknown}
 g - an uncursed amulet of faith {unknown}
Scrolls
 i - a scroll of magic mapping {unknown}
 k - a scroll of fog {unknown}
Comestibles
 d - 5 rations


   Skills:
 * Level 3.0 Short Blades
 + Level 3.3 Dodging
 + Level 5.2 Stealth
 - Level 2.6 Spellcasting
 - Level 3.6 Hexes


You had 6 spell levels left.
You knew the following spells:

 Your Spells              Type           Power        Failure   Level  Hunger
a - Corona                Hex            ##.....      4%          1    #......

Your spell library contained the following spells:

 Spells                   Type           Power        Failure   Level  Hunger
 Ensorcelled Hibernation  Hex/Ice        #.....       16%         2    ###....
 Confuse                  Hex            ##......     16%         3    ###....
 Tukima's Dance           Hex            ##......     16%         3    ###....
 Dazzling Spray           Conj/Hex       #.....       32%         3    ###....


Dungeon Overview and Level Annotations

Branches:
Dungeon (2/15)

Altars:


Innate Abilities, Weirdness & Mutations

You are very small and have problems with some larger weapons.
You are too small for most types of armour.
You have supernaturally acute eyesight. (SInv)
You are a herbivore.
You cover ground extremely quickly.
You need to consume almost no food.
You evolve.


Message History

It was a potion of degeneration.
There was something very wrong with that liquid.
You feel weakened.
You feel dopey.
You feel clumsy. The adder misses you.
It was a potion of mutation.
You feel extremely strange.
You feel nature experimenting on you.
Don't worry, failures die fast.
* * * LOW HITPOINT WARNING * * *
You feel sick. The adder bites you.
* * * LOW HITPOINT WARNING * * *
You are more poisoned.
The adder poisons you!
You aren't carrying any potions.
Firing (i - inventory) No suitable missiles.
Press: ? - help, Shift-Dir - straight line, f - adder
Aim: an adder (almost dead)
Okay, then.
As you read the scroll labeled GOLISHR UBLYIHANONO, it crumbles to dust.
You hear a loud clanging noise!
It was a scroll of noise.
The adder bites you.
You die...

.....#...................#
.....#.......##..........#
.....#......^##..#########
.....#.......##..#
.....#.......##..#
.....###.........# ######
#.#######.# #.# #.# #)#
#@# #.# #S# #.#######'##
#.##.......# #.##.......#
#..'.......# ####.......#
#.......# #.......#


You could see an adder.

Vanquished Creatures
  An adder (D:2)
  A leopard gecko (D:1)
  3 giant cockroaches
  5 goblins
  2 hobgoblins
  5 jackals (D:1)
  2 ball pythons (D:2)
  2 bats
  5 frilled lizards
  7 kobolds
  3 rats
36 creatures vanquished.

Notes
Turn   | Place    | Note
-------+----------+-------------------------------------------
     0 | D:1      | GuyDeFluk the Spriggan Enchanter began the quest for the
                  | Orb.
     0 | D:1      | Reached XP level 1. HP: 9/9 MP: 5/5
   907 | D:1      | Reached XP level 2. HP: 13/13 MP: 6/6
  1574 | D:1      | Reached skill level 5 in Stealth
  2092 | D:2      | Reached XP level 3. HP: 3/16 MP: 8/8
  2773 | D:2      | Gained mutation: You evolve. [potion of mutation]
  2774 | D:2      | Slain by an adder

Skill      XL: |  1  2  3 |
---------------+----------+-----
Short Blades   | 2 3 |  3.0
Stealth        | 5 |  5.2
Dodging        | |  3.3
Spellcasting   | |  2.6
Hexes          | |  3.6

Action                   || total
-------------------------++-------
Melee: Dagger            ||   233
  Use: Scroll            ||     7
       Potion            ||     6
 Stab: Sleeping          ||     8
Armor: Robe              ||    16
Dodge: Dodged            ||   200
